 Dungeon Crawl Stone Soup version 0.29-a0-613-gf2c431b9b9 (webtiles) character file.

Game seed: 15094167033287362143

0 moldycheese5 the Skirmisher (level 1, -4/18 HPs)
             Began as a Demonspawn Abyssal Knight on June 16, 2022.
             Was a Believer of Lugonu.
             Slain by an ancient zyme (5 damage)
             ... on level 1 of the Abyss.
             The game lasted 00:01:15 (150 turns).

moldycheese5 the Skirmisher (DsAK)                   Turns: 150, Time: 00:01:18

Health: -4/18      AC:  3    Str: 13    XL:     1   Next: 0%
Magic:  2/2        EV: 11    Int: 11    God:    Lugonu [**....]
Gold:   0          SH:  0    Dex: 13    Spells: 0/0 levels left

rFire   . . .      SeeInvis .   a - +1 falchion
rCold   . . .      Faith    .   (no shield)
rNeg    . . .      Spirit   .   b - +0 leather armour
rPois   .          Reflect  .   (no helmet)
rElec   .          Harm     .   (no cloak)
rCorr   .          Rampage  .   (no gloves)
Will    .....                   (no boots)
Stlth   +.........              (no amulet)
HPRegen 0.00/turn               (no ring)
MPRegen 0.08/turn               (no ring)

@: sick
A: no striking features
a: Renounce Religion, Depart the Abyss, Bend Space


You were on level 1 of the Abyss.
You worshipped Lugonu.
Lugonu was pleased with you.
You visited 0 branches of the dungeon, and saw 0 of its levels.
You visited the Abyss 1 time.

Inventory:

Hand Weapons
 a - a +1 falchion (weapon)
Armour
 b - a +0 leather armour (worn)


   Skills:
 + Level 3.0 Fighting
 + Level 1.7 Long Blades
 + Level 1.7 Armour
 + Level 0.8 Dodging
 + Level 2.4 Invocations


You couldn't memorise any spells.
You didn't know any spells.
Your spell library was empty.

Dungeon Overview and Level Annotations

Branches:
Dungeon (0/15)

Altars:


Message History

You enter the shallow water.
Moving in this stuff is going to be slow.
There is a corrupted altar of Lugonu here.
You enter the shallow water.
Moving in this stuff is going to be slow.
You enter the shallow water.
Moving in this stuff is going to be slow.
You enter the shallow water.
Moving in this stuff is going to be slow.
An ancient zyme is cast out of space.
You feel yourself growing ill in the presence of the ancient zyme.
You feel yourself growing ill in the presence of the ancient zyme.
You enter the shallow water.
Moving in this stuff is going to be slow.
You feel ill.
You enter the shallow water.
Moving in this stuff is going to be slow.
You feel ill.
An ancient zyme is nearby!
You feel ill.
The ufetubus shouts!
The ufetubus barely misses you. The ufetubus hits you.
The ufetubus closely misses you. x2
The ufetubus attacks as you move away! The ufetubus closely misses you.
The ufetubus completely misses you.
You hit the ufetubus.
The ufetubus is almost dead.
The ufetubus hits you. x3; The ufetubus misses you.
You hit the ufetubus.
You kill the ufetubus!
That felt strangely unrewarding.
You feel ill. The ancient zyme closely misses you.
The ancient zyme hits you but does no damage.
You hit the ancient zyme.
The ancient zyme is lightly damaged.
The ancient zyme hits you!
Ouch! That really hurt!
* * * LOW HITPOINT WARNING * * *
The ancient zyme hits you.
You die...

...#.
...≈..§.#.#
....# #.#.≈≈#.#
#
.#.....x###≈≈#.#
..#..#..##..≈#.#
......##..≈≈≈#.#
##.#....≈≈≈.#
### ..#.≈.# ..#
#...##x..#.≈#.#
..#..#@..≈♣#≈..
. ..#..##≈≈.#..
#...#..# .≈≈.##
#.# #.#. #♣...#
. ## ## ..## .


You could see an ancient zyme.

Vanquished Creatures
  An ufetubus (Abyss:1)
1 creature vanquished.

Notes
Turn   | Place    | Note
-------+----------+-------------------------------------------
     0 | Abyss:1  | moldycheese5 the Demonspawn Abyssal Knight began the quest
                  | for the Orb.
     0 | Abyss:1  | Reached XP level 1. HP: 18/18 MP: 2/2
    69 | Abyss:1  | Found a corrupted altar of Lugonu.
    73 | Abyss:1  | Found a corrupted altar of Lugonu.
   121 | Abyss:1  | Noticed an ancient zyme
   150 | Abyss:1  | Slain by an ancient zyme

Illustrated notes

Levels and vault maps discovered:
Abyss:1:  base: Temple, base:
Temple

Action                   || total
-------------------------++-------
Melee: Falchion          ||     3
Armor: Leather armour    ||     1
Dodge: Dodged            ||     7

Table legend: (Time is in decaauts)
 A = Elapsed time spent in this place.
 B = Non-inter-level travel time spent in this place.
 C = Inter-level travel time spent in this place.
 D = Time resting spent in this place.
 E = Time spent auto-exploring this place.
 F = Levels seen in this place.
 G = Mean time per level.
                   A        B        C        D        E       F      G
               +--------+--------+--------+--------+--------+-----+--------+
         Total |    157 |    157 |      0 |      0 |     69 |   1 |  157.0 |
         Abyss |    157 |    157 |      0 |      0 |     69 |   1 |  157.0 |
               +--------+--------+--------+--------+--------+-----+--------+

Top non-repeatable levels by time:
 Abyss:1: 157 daAuts
